 Dungeon Crawl Stone Soup version 0.17-a0-1497-g03599f7 (webtiles) character file.

306 Chiseanne the Skirmisher (level 6, 0/51 HPs)
             Began as a Demonspawn Wanderer on July 6, 2015.
             Succumbed to a scorpion's poison
             ... on level 4 of the Dungeon.
             The game lasted 00:08:51 (4381 turns).

Chiseanne the Skirmisher (Demonspawn Wanderer)      Turns: 4381, Time: 00:08:51

Health: 0/51       AC:  4    Str: 13      XL:     6   Next: 16%
Magic:  6/6        EV: 13    Int: 12 (15) God:
Gold:   184        SH:  0    Dex: 12      Spells: 0 memorised, 5 levels left

rFire  . . .     SeeInvis .     a - +2 quarterstaff
rCold  . . .     Clarity  .     l - +1 leather armour
rNeg   . . .     SustAt   .     (no shield)
rPois  .         Gourm    .     (helmet restricted)
rElec  .         Spirit   .     (no cloak)
rCorr  .         Warding  .     (no gloves)
rMut   .         Stasis   .     (no boots)
MR     .....                    (no amulet)
Stlth  ++........               (no ring)
                                (no ring)

@: lethally poisoned (0 -> -15), not resistant to hostile enchantments,
unstealthy
A: antennae 2, talons 2
a: no special abilities


You were on level 4 of the Dungeon.
You were not hungry.

You visited 1 branch of the dungeon, and saw 4 of its levels.

You collected 184 gold pieces.

Inventory:

Hand weapons
 a - a +2 quarterstaff (weapon)
Missiles
 c - 32 poisoned needles
 g - 55 sling bullets
 k - 17 bolts
 m - 44 arrows
 n - 14 sling bullets of frost
 r - 4 tomahawks (quivered)
 u - 9 bolts of flame
Armour
 l - a +1 leather armour (worn)
Scrolls
 b - a scroll of fear
 e - a scroll of remove curse
 t - 2 scrolls of teleportation
Potions
 i - 2 potions of mutation
 q - a potion of ambrosia {unknown}
 v - a potion of curing {unknown}
Comestibles
 f - 2 bread rations
 h - 4 beef jerkies
 j - a chunk of flesh


   Skills:
 + Level 5.0 Fighting
 - Level 1.7 Staves
   Level 1.0 Crossbows
 - Level 1.0 Throwing
 + Level 3.6 Dodging
 - Level 3.6 Stealth


You had 5 spell levels left.
You didn't know any spells.

Dungeon Overview and Level Annotations

Branches:
Dungeon (4/15)
 Temple: D:4-7

Altars:
Nemelex Xobeh
Trog
Vehumet


Innate Abilities, Weirdness & Mutations

You have a pair of antennae on your head.
You have razor-sharp toenails.


Message History

You sock the scorpion! Your kick misses the scorpion.
The scorpion is almost dead.
* * * LOW HITPOINT WARNING * * *
You feel sick. The scorpion stings you.
* * * LOW HITPOINT WARNING * * *
You hit the scorpion.
You kill the scorpion!
Your Fighting skill increases to level 5!
You have reached level 6!
Your experience leads to an increase in your attributes!
Increase (S)trength, (I)ntelligence, or (D)exterity?
You feel agile.
Your demonic ancestry asserts itself...
The antennae on your head grow some more.
* * * LOW HITPOINT WARNING * * *
You feel sick.
Drink which item? (? for menu, Esc to quit)
It was a potion of degeneration.
There was something very wrong with that liquid.
You feel dopey.
You die...

.... ... #.. # #.# .#
#.# .## ##.# ..##
######..# #..##
........## #...###
..###)...#######@$...##.
### ###................#
# #............#####
#..#######..## # #..#
#..# # #..# ##.# ###
#..# .# ..## #..# .#
#..####..# .#


There were no monsters in sight!

Vanquished Creatures
  The ghost of Monkaria the Bolt Thrower, an average KoHu (D:3)
  A scorpion (D:4)
  Ijyb (D:3)
  9 adders
  An ooze (D:2)
  A worm (D:2)
  3 giant geckos (D:3)
  4 orcs (D:3)
  11 bats
  3 giant cockroaches
  11 hobgoblins
  3 jackals (D:3)
  5 ball pythons
  3 giant newts
  5 goblins
  4 kobolds
  8 rats
  A fungus (D:3)
75 creatures vanquished.

Notes
Turn   | Place    | Note
--------------------------------------------------------------
     0 | D:1      | Chiseanne the Demonspawn Wanderer began the quest for the Orb.
     0 | D:1      | Chiseanne set off with: a +2 dagger, a scroll of fear, a +0 quarterstaff, a potion of lignification, a +0 robe, a bread ration
     0 | D:1      | Reached XP level 1. HP: 16/16 MP: 1/1
   721 | D:1      | Reached skill level 1 in Dodging
   721 | D:1      | Gained mutation: You have sharp toenails. [demonic ancestry]
   721 | D:1      | Reached XP level 2. HP: 23/23 MP: 2/2
  1265 | D:2      | Found a radiant altar of Vehumet.
  1301 | D:2      | Found a bloodstained altar of Trog.
  1302 | D:2      | Found a sparkling altar of Nemelex Xobeh.
  1308 | D:2      | Gained mutation: You have a pair of small antennae on your head. [demonic ancestry]
  1308 | D:2      | Reached XP level 3. HP: 28/28 MP: 3/3
  2406 | D:2      | Gained mutation: You have razor-sharp toenails. [demonic ancestry]
  2406 | D:2      | Reached XP level 4. HP: 35/35 MP: 4/4
  2786 | D:3      | Noticed Ijyb
  2801 | D:3      | Killed Ijyb
  2928 | D:3      | Reached skill level 4 in Fighting
  2929 | D:3      | Noticed Monkaria's ghost (average KoHu)
  2983 | D:3      | Killed Monkaria's ghost
  2983 | D:3      | Reached XP level 5. HP: 30/43 MP: 5/5
  3124 | D:3      | Found a bloodstained altar of Trog.
  4380 | D:4      | Reached skill level 5 in Fighting
  4380 | D:4      | Gained mutation: You have a pair of antennae on your head. [demonic ancestry]
  4380 | D:4      | Reached XP level 6. HP: 3/51 MP: 6/6
  4380 | D:4      | HP: 1/51 [poisoned by a scorpion]
  4381 | D:4      | Succumbed to a scorpion's poison

Vault maps used:
D:1:      dpeg_arrival_connections
D:2:      lemuel_crystal_altar, grunt_temple_overflow_open
D:3:      trog_three_pillars_becter, uniq_iyjb, uniq_crazy_yiuf_cottage
D:4:      kennysheep_mini_moat, nemelex_spade_bored_becter, uniq_eustachio,
          uniq_sigmund, uniq_blork_the_orc

Action                   |  1- 3 |  4- 6 || total
-------------------------+-------+-------++-------
Melee: Dagger            |   130 |   187 ||   317
       Quarterstaff      |       |    28 ||    28
  Use: Scroll            |     4 |     5 ||     9
       Potion            |       |     3 ||     3
 Stab: Sleeping          |     9 |     8 ||    17
       Distracted        |     2 |       ||     2
  Eat: Chunk             |     5 |     5 ||    10
       Pizza             |       |     1 ||     1
